General information
- name: BNet
- type: Ladder team game (AT/RT)
- host: Battle.net
- saver:
map: GoldRush
- players: 8
- length: 21:10
- speed: Fast
- version: 1.26 W3XP
- replay type: Public
» download(155 KB)
Players
team 1 (winner)

»
americanaredumb (
teal | 42 APM | 894 actions | 21:10)
6 Priestess of the Moon
2 Scout
3 Trueshot Aura
1 Starfall
3 Keeper of the Grove
2 Thorns Aura
1 Entangling Roots
» actions
| Assign group hotkey | 13 | |
| Build / train | 66 | |
| Enter build submenu | 14 | |
| Enter hero's abilities submenu | 10 | |
| Give item / drop item | 7 | |
| Remove unit from queue | 1 | |
| Right click | 265 | |
| Select / deselect | 253 | |
| Select group hotkey | 222 | |
| Use ability | 43 | |
894 total
» units
| Wisp | 12 | |
| Archer | 10 | |
| Hippogryph | 11 | |
33 total
» upgrades
| Improved Bows | 1 | |
| Ultravision | 1 | |
| Marksmanship | 1 | |
| Hippogryph Taming | 1 | |
| Moon Armor | 3 | |
| Strength of the Moon | 2 | |
| Well Spring | 1 | |
| Nature's Blessing | 1 | |
11 total
» buildings
| Moon Well | 7 | |
| Altar of Elders | 1 | |
| Ancient of War | 1 | |
| Ancient of Wonders | 1 | |
| Tree of Ages | 2 | |
| Hunter's Hall | 1 | |
| Tree of Eternity | 1 | |
| Ancient of Wind | 2 | |
| Arcane Tower | 2 | |
18 total
» build order
00:46 Moon Well
00:56 Altar of Elders
01:23 Ancient of War
01:37 Ancient of Wonders
01:53 Moon Well
03:22 Tree of Ages
03:22 Tree of Ages
04:11 Moon Well
04:26 Moon Well
04:49 Hunter's Hall
05:39 Moon Well
05:49 Tree of Eternity
06:06 Ancient of Wind
06:24 Ancient of Wind
11:54 Moon Well
12:38 Moon Well
17:08 Arcane Tower
17:10 Arcane Tower
» items
| Potion of Healing | 1 | |
| Ivory Tower | 2 | |
| Orb of Fire | 1 | |
| Scroll of Town Portal | 1 | |
5 total

»
pMaN (
red | 64 APM | 1363 actions | 21:10)
5 Mountain King
2 Storm Bolt
1 Bash
2 Thunder Clap
4 Paladin
2 Holy Light
1 Divine Shield
1 Devotion Aura
» actions
| Assign group hotkey | 9 | |
| Build / train | 85 | |
| Enter build submenu | 24 | |
| Enter hero's abilities submenu | 9 | |
| Right click | 609 | |
| Select / deselect | 201 | |
| Select group hotkey | 357 | |
| Use ability | 69 | |
1363 total
» units
| Peasant | 26 | |
| Footman | 7 | |
| Knight | 16 | |
| Priest | 4 | |
53 total
» upgrades
| Defend | 1 | |
| Lumber Harvesting | 1 | |
| Priest Training | 2 | |
| Armor | 1 | |
| Plating | 1 | |
| Swords | 2 | |
| Animal War Training | 1 | |
9 total
» buildings
| Altar of Kings | 1 | |
| Farm | 9 | |
| Barracks | 2 | |
| Keep | 1 | |
| Scout Tower | 4 | |
| Lumber Mill | 1 | |
| Arcane Vault | 1 | |
| Arcane Tower | 1 | |
| Blacksmith | 1 | |
| Castle | 2 | |
| Guard Tower | 2 | |
| Arcane Sanctum | 1 | |
| Town Hall | 2 | |
28 total
» build order
00:08 Altar of Kings
00:11 Farm
00:26 Barracks
01:08 Farm
01:51 Farm
03:12 Keep
03:50 Scout Tower
03:53 Lumber Mill
04:01 Arcane Vault
04:41 Arcane Tower
04:44 Farm
05:06 Blacksmith
05:13 Scout Tower
05:38 Farm
07:13 Castle
07:32 Guard Tower
07:35 Farm
07:38 Arcane Sanctum
08:22 Castle
08:59 Barracks
09:03 Scout Tower
09:44 Guard Tower
10:14 Town Hall
12:18 Farm
12:56 Farm
14:21 Scout Tower
16:16 Town Hall
17:13 Farm
» items
| Scroll of Regeneration | 3 | |
| Lesser Clarity Potion | 3 | |
6 total
TemplerKnights (
orange | 54 APM | 1147 actions | 21:10)
3 Demon Hunter
2 Immolation
1 Mana Burn
2 Keeper of the Grove
1 Entangling Roots
1 Force of Nature
» actions
| Basic commands | 5 | |
| Build / train | 84 | |
| Enter build submenu | 30 | |
| Enter hero's abilities submenu | 5 | |
| Right click | 714 | |
| Select / deselect | 242 | |
| Use ability | 67 | |
1147 total
» units
| Wisp | 40 | |
| Forest Troll Shadow Priest | 2 | |
| Ogre Mauler | 2 | |
| Forest Troll Berserker | 1 | |
| Mud Golem | 2 | |
| Chimaera | 16 | |
63 total
» upgrades
| Ultravision | 1 | |
| Strength of the Wild | 1 | |
| Reinforced Hides | 1 | |
| Corrosive Breath | 1 | |
4 total
» buildings
| Altar of Elders | 1 | |
| Moon Well | 9 | |
| Ancient of Wonders | 2 | |
| Tree of Life | 2 | |
| Hunter's Hall | 1 | |
| Tree of Ages | 1 | |
| Ancient Protector | 5 | |
| Ancient of Wind | 1 | |
| Tree of Eternity | 3 | |
| Chimaera Roost | 6 | |
31 total
» build order
00:06 Altar of Elders
00:10 Moon Well
00:14 Ancient of Wonders
01:49 Moon Well
03:20 Tree of Life
03:59 Hunter's Hall
04:15 Moon Well
05:02 Tree of Ages
05:15 Ancient Protector
05:35 Ancient Protector
05:57 Ancient Protector
06:27 Ancient Protector
08:18 Ancient Protector
08:44 Ancient of Wind
10:47 Tree of Eternity
11:28 Tree of Life
11:54 Ancient of Wonders
12:21 Tree of Eternity
12:21 Tree of Eternity
14:53 Chimaera Roost
14:57 Chimaera Roost
15:01 Chimaera Roost
15:04 Chimaera Roost
15:10 Chimaera Roost
15:14 Chimaera Roost
16:17 Moon Well
16:23 Moon Well
16:30 Moon Well
16:33 Moon Well
16:47 Moon Well
17:08 Moon Well
» items
turdmuffin (
blue | 151 APM | 3195 actions | 21:10)
5 Archmage
1 Summon Water Elemental
3 Brilliance Aura
1 Blizzard
4 Paladin
1 Holy Light
1 Divine Shield
2 Devotion Aura
» actions
| Assign group hotkey | 40 | |
| Basic commands | 26 | |
| Build / train | 98 | |
| ESC pressed | 8 | |
| Enter build submenu | 36 | |
| Enter hero's abilities submenu | 10 | |
| Give item / drop item | 4 | |
| Right click | 1241 | |
| Select / deselect | 302 | |
| Select group hotkey | 1297 | |
| Use ability | 132 | |
3195 total
» units
| Peasant | 23 | |
| Footman | 5 | |
| Dragonhawk Rider | 7 | |
| Gryphon Rider | 4 | |
39 total
» upgrades
| Defend | 1 | |
| Lumber Harvesting | 2 | |
| Armor | 3 | |
| Animal War Training | 1 | |
| Swords | 3 | |
| Masonry | 1 | |
| Cloud | 1 | |
| Storm Hammers | 2 | |
| Gunpowder | 2 | |
| Long Rifles | 1 | |
| Plating | 1 | |
18 total
» buildings
| Altar of Kings | 1 | |
| Farm | 12 | |
| Barracks | 3 | |
| Scout Tower | 2 | |
| Arcane Tower | 2 | |
| Arcane Vault | 2 | |
| Keep | 1 | |
| Town Hall | 3 | |
| Lumber Mill | 4 | |
| Gryphon Aviary | 4 | |
| Castle | 1 | |
| Blacksmith | 2 | |
37 total
» build order
00:22 Altar of Kings
00:23 Farm
01:03 Barracks
01:27 Farm
02:05 Farm
02:10 Scout Tower
02:38 Arcane Tower
02:46 Farm
03:51 Arcane Vault
04:30 Keep
04:58 Town Hall
05:28 Lumber Mill
06:13 Town Hall
06:30 Scout Tower
06:55 Gryphon Aviary
06:59 Gryphon Aviary
07:15 Arcane Tower
08:35 Castle
08:52 Gryphon Aviary
08:55 Blacksmith
09:53 Gryphon Aviary
10:23 Blacksmith
10:43 Farm
10:50 Lumber Mill
10:52 Lumber Mill
11:36 Farm
11:38 Farm
12:20 Farm
12:30 Farm
13:13 Farm
13:56 Arcane Vault
15:44 Farm
15:45 Farm
16:40 Lumber Mill
17:04 Barracks
17:06 Barracks
20:23 Town Hall
» items
| Scroll of Regeneration | 7 | |
| Lesser Clarity Potion | 2 | |
| Mechanical Critter | 5 | |
| Boots of Speed | 1 | |
| Potion of Lesser Invulnerability | 1 | |
| Scroll of Town Portal | 2 | |
| Staff of Sanctuary | 2 | |
| Orb of Fire | 1 | |
21 total
team 2 (loser)
EG.Teelo (
green | 57 APM | 1200 actions | 21:10)
2 Naga Sea Witch
1 Frost Arrows
1 Forked Lightning
2 Dark Ranger
1 Silence
1 Life Drain
2 Firelord
1 Soul Burn
1 Summon Lava Spawn
» actions
| Assign group hotkey | 15 | |
| Basic commands | 47 | |
| Build / train | 61 | |
| ESC pressed | 2 | |
| Enter build submenu | 35 | |
| Enter hero's abilities submenu | 6 | |
| Right click | 307 | |
| Select / deselect | 370 | |
| Select group hotkey | 300 | |
| Use ability | 57 | |
1200 total
» units
| Peasant | 12 | |
| Footman | 3 | |
| Spell Breaker | 7 | |
| Knight | 3 | |
25 total
» upgrades
| Masonry | 3 | |
| Magic Sentry | 1 | |
| Animal War Training | 1 | |
| Plating | 1 | |
| Lumber Harvesting | 2 | |
| Control Magic | 1 | |
| Swords | 1 | |
10 total
» buildings
| Altar of Kings | 1 | |
| Barracks | 1 | |
| Farm | 10 | |
| Scout Tower | 10 | |
| Keep | 1 | |
| Arcane Tower | 1 | |
| Lumber Mill | 2 | |
| Arcane Vault | 1 | |
| Guard Tower | 8 | |
| Arcane Sanctum | 1 | |
| Castle | 1 | |
| Blacksmith | 1 | |
| Town Hall | 1 | |
39 total
» build order
01:25 Altar of Kings
01:28 Barracks
01:55 Farm
01:59 Farm
02:13 Farm
02:32 Farm
02:42 Scout Tower
03:09 Keep
03:27 Arcane Tower
04:11 Lumber Mill
04:35 Scout Tower
04:41 Scout Tower
04:45 Scout Tower
04:49 Scout Tower
04:51 Scout Tower
05:00 Arcane Vault
05:03 Guard Tower
05:13 Guard Tower
05:16 Guard Tower
05:21 Guard Tower
05:36 Scout Tower
05:58 Arcane Sanctum
06:08 Guard Tower
06:48 Castle
07:16 Scout Tower
07:52 Guard Tower
08:32 Farm
08:34 Farm
08:36 Farm
08:38 Farm
08:54 Blacksmith
12:26 Town Hall
13:10 Scout Tower
13:41 Guard Tower
13:42 Scout Tower
14:37 Guard Tower
16:10 Farm
16:12 Farm
18:39 Lumber Mill
» items
| Potion of Healing | 4 | |
| Staff of Sanctuary | 2 | |
6 total

»
EG.Tee1o (
purple | 66 APM | 1406 actions | 21:10)
5 Dark Ranger
3 Black Arrow
2 Silence
» actions
| Assign group hotkey | 235 | |
| Basic commands | 116 | |
| Build / train | 101 | |
| Enter build submenu | 32 | |
| Enter hero's abilities submenu | 5 | |
| Give item / drop item | 2 | |
| Remove unit from queue | 2 | |
| Right click | 370 | |
| Select / deselect | 219 | |
| Select group hotkey | 245 | |
| Use ability | 79 | |
1406 total
» units
| Wisp | 56 | |
| Archer | 4 | |
| Dryad | 10 | |
| Mountain Giant | 1 | |
71 total
» upgrades
| Improved Bows | 1 | |
| Strength of the Wild | 3 | |
| Reinforced Hides | 4 | |
| Abolish Magic | 1 | |
| Ultravision | 1 | |
| Nature's Blessing | 1 | |
| Hardened Skin | 1 | |
| Resistant Skin | 1 | |
| Well Spring | 1 | |
14 total
» buildings
| Ancient of War | 1 | |
| Moon Well | 7 | |
| Altar of Elders | 2 | |
| Hunter's Hall | 1 | |
| Tree of Ages | 2 | |
| Ancient of Wonders | 1 | |
| Tree of Life | 5 | |
| Ancient Protector | 5 | |
| Ancient of Lore | 3 | |
| Tree of Eternity | 1 | |
28 total
» build order
01:06 Ancient of War
01:33 Moon Well
01:49 Altar of Elders
02:18 Moon Well
03:06 Moon Well
04:06 Hunter's Hall
04:32 Tree of Ages
04:44 Moon Well
05:05 Ancient of Wonders
05:35 Tree of Life
05:57 Ancient Protector
06:16 Tree of Life
06:46 Ancient Protector
07:59 Ancient of Lore
08:54 Ancient of Lore
09:36 Tree of Life
09:37 Tree of Eternity
10:33 Ancient of Lore
14:09 Tree of Life
14:57 Ancient Protector
15:42 Tree of Life
15:58 Moon Well
15:59 Moon Well
16:00 Moon Well
16:14 Ancient Protector
16:58 Tree of Ages
17:03 Ancient Protector
17:09 Altar of Elders
» items
| Staff of Preservation | 1 | |
| Potion of Healing | 2 | |
| Scroll of Town Portal | 1 | |
| Orb of Fire | 1 | |
5 total
Grimmed (
yellow | 24 APM | 508 actions | 21:10)
5 Warden
3 Fan of Knives
2 Shadow Strike
1 Priestess of the Moon
1 Trueshot Aura
1 Pandaren Brewmaster
1 Drunken Brawler
» actions
| Assign group hotkey | 22 | |
| Basic commands | 4 | |
| Build / train | 59 | |
| Enter build submenu | 19 | |
| Enter hero's abilities submenu | 8 | |
| Right click | 114 | |
| Select / deselect | 218 | |
| Select group hotkey | 17 | |
| Use ability | 46 | |
508 total
» units
| Wisp | 15 | |
| Archer | 17 | |
| Hippogryph | 10 | |
42 total
» upgrades
| Improved Bows | 1 | |
| Hippogryph Taming | 1 | |
| Moon Armor | 2 | |
| Marksmanship | 1 | |
5 total
» buildings
| Altar of Elders | 1 | |
| Moon Well | 8 | |
| Ancient of War | 1 | |
| Tree of Ages | 1 | |
| Hunter's Hall | 1 | |
| Ancient of Wind | 1 | |
| Ancient Protector | 2 | |
| Tree of Eternity | 1 | |
16 total
» build order
00:06 Altar of Elders
00:29 Moon Well
00:37 Ancient of War
04:16 Tree of Ages
05:02 Moon Well
07:39 Hunter's Hall
07:59 Ancient of Wind
10:10 Ancient Protector
10:13 Ancient Protector
11:17 Moon Well
11:32 Moon Well
12:27 Moon Well
12:36 Moon Well
13:29 Moon Well
13:56 Tree of Eternity
14:42 Moon Well
stuntin_101 (
pink | 30 APM | 582 actions | 19:12)
4 Keeper of the Grove
2 Force of Nature
2 Thorns Aura
» actions
| Assign group hotkey | 16 | |
| Basic commands | 2 | |
| Build / train | 60 | |
| Enter build submenu | 22 | |
| Enter hero's abilities submenu | 4 | |
| Right click | 231 | |
| Select / deselect | 187 | |
| Select group hotkey | 13 | |
| Use ability | 47 | |
582 total
» units
| Wisp | 33 | |
| Archer | 5 | |
| Huntress | 8 | |
| Dryad | 3 | |
49 total
» upgrades
| Strength of the Moon | 1 | |
| Moon Armor | 1 | |
| Abolish Magic | 1 | |
3 total
» buildings
| Altar of Elders | 1 | |
| Moon Well | 5 | |
| Ancient of War | 1 | |
| Hunter's Hall | 1 | |
| Ancient Protector | 4 | |
| Tree of Ages | 1 | |
| Ancient of Wonders | 1 | |
| Tree of Life | 3 | |
| Tree of Eternity | 1 | |
| Ancient of Lore | 2 | |
20 total
» build order
00:25 Altar of Elders
00:39 Moon Well
00:57 Ancient of War
01:53 Hunter's Hall
02:05 Moon Well
03:02 Ancient Protector
03:51 Ancient Protector
05:12 Tree of Ages
05:17 Ancient of Wonders
06:40 Moon Well
09:01 Tree of Life
09:19 Ancient Protector
09:22 Ancient Protector
09:39 Moon Well
10:44 Tree of Eternity
11:33 Tree of Life
12:33 Tree of Life
14:24 Ancient of Lore
14:32 Ancient of Lore
14:37 Moon Well
» items
Chat log
(00:07 / All) EG.Tee1o: hey blue
(00:09 / All) EG.Tee1o: whats a turdmuffin?
(00:12 / Allies) EG.Teelo: yeah
(00:14 / Allies) stuntin_101: ANY OF U GUYS GOOD
(00:14 / Allies) EG.Teelo: i'm militiaing
(00:17 / Allies) EG.Teelo: sorry if it fails hard
(00:31 / Allies) EG.Teelo: lokl ooops
(00:36 / Allies) EG.Tee1o: lol coming to help
(00:41 / Allies) EG.Teelo: too late
(00:48 / Allies) EG.Tee1o: oh boy
(00:51 / Allies) EG.Teelo: i'm alraedy screwed
(00:52 / Allies) EG.Tee1o: nice job militiaing a human
(00:53 / Allies) EG.Tee1o: lmao
(00:58 / Allies) EG.Teelo: yeah
(00:59 / All) pMaN: nice try green
(01:15 / All) EG.Teelo: You wouldn't have survived if you weren't semi-competent
(01:24 / All) EG.Tee1o: 1370-1409
(01:39 / All) EG.Teelo: Quarterly-competent*
(01:40 / All) pMaN: cool u stats me
(01:44 / All) pMaN: i feel special
(02:08 / Allies) EG.Tee1o: pies if you arent going to spend your lumber give it back
(02:36 / Allies) EG.Teelo: nah i'll spend it
(02:45 / Allies) EG.Teelo: nv i'm dead
(02:57 / Allies) EG.Tee1o: pink
(02:58 / Allies) EG.Tee1o: help him
(03:52 / Allies) EG.Teelo: helping does not equate to suiciding.
(03:58 / Allies) stuntin_101: LOL
(03:59 / Allies) EG.Tee1o: lol this is gg already
(04:18 / Allies) EG.Teelo: should be expected when we're on the same team
(04:24 / Allies) EG.Tee1o: true!
(05:07 / Allies) EG.Teelo: yeah
(05:12 / Allies) EG.Teelo: just gonna sit in my base till my towers finish
(05:20 / Allies) EG.Tee1o: lolk
(05:44 / Allies) EG.Teelo: got more wood anyone?
(05:51 / Allies) stuntin_101: NMOPE
(05:52 / Allies) EG.Teelo: thanks
(06:00 / Allies) EG.Tee1o: ...urmomlawl
(06:48 / Allies) EG.Tee1o: oh nice job yellow
(06:50 / Allies) EG.Tee1o: not taking the item
(06:53 / Allies) EG.Teelo: yeah this guys everywhere
(08:21 / Allies) EG.Teelo: hmm
(08:25 / Allies) EG.Teelo: surprised he left my tavern farm standing
(08:34 / Allies) EG.Tee1o: i think hes maphacking
(09:01 / Allies) EG.Teelo: not ruling it out, but i'm not really convinced either
(09:16 / Allies) EG.Tee1o: well you dont get to that many games without being a maphacker like sc2nowc3yes
(09:22 / Allies) EG.Teelo: although he did stop attacking me without looking at my towers or scanning
(12:09 / Allies) EG.Teelo: mroe woo dpelase
(12:33 / Allies) EG.Teelo: ok
(12:39 / Allies) EG.Teelo: none of you guys have any
(12:40 / Allies) EG.Teelo: that's fine
(13:32 / Allies) EG.Teelo: bacj
(15:20 / Allies) EG.Teelo: i'm nto going solo
(15:24 / Allies) EG.Teelo: fuck taht shit
(16:53 / Allies) EG.Teelo: haha... yeha this sucsk
(17:35 / Allies) EG.Tee1o: I take it noone has AA?
(17:38 / Allies) EG.Teelo: noep
(17:49 / Allies) EG.Tee1o: pies
(17:51 / Allies) EG.Tee1o: how do you have 4k gold
(17:53 / Allies) EG.Tee1o: and no expos
(19:33 / All) pMaN: lol
(19:38 / Allies) EG.Teelo: yeah
(19:40 / Allies) EG.Teelo: this is game
(19:50 / Allies) EG.Tee1o: why did you have to do a stupid militia rush?
(19:58 / Allies) EG.Teelo: yeah
(20:00 / Allies) EG.Tee1o: you send TWO militia, not all five
(20:00 / Allies) EG.Teelo: it was indeed stupid
(20:19 / Allies) EG.Teelo: but it was gold rush, i was human, on the end, got carried away.
(20:47 / Allies) EG.Teelo: anyway
(20:48 / Allies) EG.Teelo: i'm out for the day
(21:05 / Allies) EG.Teelo: later teelo
(21:07 / All) pMaN: lol